 Dungeon Crawl Stone Soup version 0.19.0 (webtiles) character file.

74 Danakh the Magician (level 4, -4/30 HPs)
             Began as a Demonspawn Wizard on Nov 8, 2016.
             Was a Follower of Ru.
             Slain by Crazy Yiuf
             ... wielding a +3 quarterstaff of chaos
              (8 damage)
             ... on level 2 of the Dungeon.
             The game lasted 00:08:45 (2238 turns).

Danakh the Magician (Demonspawn Wizard)             Turns: 2238, Time: 00:08:45

Health: -4/30      AC:  2    Str:  7    XL:     4   Next: 10%
Magic:  0/9        EV: 14    Int: 21    God:    Ru [*.....]
Gold:   59         SH:  0    Dex: 11    Spells: 4 memorised, 1 level left

rFire  . . .     SeeInvis .     f - +1 dagger (elec)
rCold  . . .     Gourm    .     a - +0 robe
rNeg   . . .     Faith    .     (no shield)
rPois  .         Spirit   .     b - +0 hat
rElec  .         Reflect  .     (no cloak)
rCorr  .         Harm     .     (no gloves)
MR     .....                    (no boots)
Stlth  ++........               (no amulet)
                                (no ring)
                                (no ring)

@: no status effects
A: talons 1, repulsion field 1, cowardly
a: Renounce Religion


You were on level 2 of the Dungeon.
You worshipped Ru.
Ru was aware of your devotion.
You were very hungry.

You visited 1 branch of the dungeon, and saw 2 of its levels.

You collected 59 gold pieces.

Inventory:

Hand Weapons
 f - a +1 dagger of electrocution (weapon)
Missiles
 h - 4 javelins (quivered)
Armour
 a - a +0 robe (worn)
 b - a +0 hat (worn)
Jewellery
 p - an uncursed amulet of magic regeneration {unknown}
Scrolls
 e - a scroll of random uselessness {unknown}
 g - 4 scrolls of enchant armour {unknown}
 j - a scroll of enchant weapon {unknown}
 m - 2 scrolls of teleportation {unknown}
 n - 2 scrolls of remove curse {unknown}
Potions
 i - 2 potions of lignification {unknown}
 k - a potion of agility {unknown}
 o - a potion of curing {unknown}
 q - a potion of mutation {unknown}
 r - a potion of heal wounds {unknown}
Books
 c - a book of Minor Magic

   Spells                             Type                      Level
   a - Magic Dart                     Conjuration                  1
   b - Blink                          Translocation                2
   c - Call Imp                       Summoning                    2
   d - Repel Missiles                 Charms/Air                   2
   e - Slow                           Hexes                        2
   f - Conjure Flame                  Conjuration/Fire             3
   g - Mephitic Cloud                 Conjuration/Poison/Air       3
Comestibles
 d - 3 bread rations
 l - a meat ration


   Skills:
 - Level 1.7 Dodging
 - Level 1.7 Stealth
 + Level 3.9 Spellcasting
 * Level 2.9 Conjurations
   Level 1.0 Summonings
 - Level 0.8 Translocations


You had one spell level left.
You knew the following spells:

 Your Spells              Type           Power        Failure   Level  Hunger
a - Magic Dart            Conj           ###.         4%          1    None
b - Blink                 Tloc           N/A          14%         2    #......
c - Mephitic Cloud        Conj/Pois/Air  #.......     30%         3    ###....
d - Conjure Flame         Conj/Fire      ##......     24%         3    ###....


Dungeon Overview and Level Annotations

Branches:
Dungeon (2/15)

Altars:
Ru

Annotations:
D:2 Crazy Yiuf


Innate Abilities, Weirdness & Mutations

You have sharp toenails.
You are surrounded by a mild repulsion field. (EV +2)
Your cowardice makes you less effective in combat with threatening monsters.


Message History

Casting: Mephitic Cloud
Confirm with . or Enter, or press ? or * to list all spells.
Aiming: Magic Dart
Press: ? - help, Shift-Dir - straight line, f/p - Crazy Yiuf
Aim: Crazy Yiuf, wielding a quarterstaff of chaos and wearing a cloak (severely wounded)
The magic dart hits Crazy Yiuf.
Crazy Yiuf is almost dead.
Crazy Yiuf closely misses you.
You hit Crazy Yiuf but do no damage. You claw Crazy Yiuf, but do no damage.
Crazy Yiuf is almost dead.
Crazy Yiuf hits you with a quarterstaff of chaos!
* * * LOW HITPOINT WARNING * * *
Crazy Yiuf freezes you.
* * * LOW HITPOINT WARNING * * *
You barely miss Crazy Yiuf.
Crazy Yiuf is almost dead.
You hit Crazy Yiuf but do no damage. You claw Crazy Yiuf, but do no damage.
Crazy Yiuf is almost dead.
Crazy Yiuf hits you with a quarterstaff of chaos!
You die...

#.#
###.#.#..........##........
#.#
#.#.#.#..................
#.#
#........#######.........
#.###
##.......#....g..........
#...#
#.......#.######........
###.# ####.......#.#
#........
#<###..........#.#
###g#.###
###)......##...#.#g# #.#.##
.....#....####..@#.#
#.#.(##
####....#.##....g#.#
#.....# ##...#.....###ยง#.#
####..# ##....#...#####...#
#..# #..#.....###......#
####.g
##.##....####......###
#.....
...#........S........#
#.....
.###..............#..#
#.....
.##..........###.#_#.#
#.....


You could see Crazy Yiuf.

Vanquished Creatures
  2 adders (D:2)
  2 worms (D:2)
  A dart slug (D:1)
  5 bats
  5 giant cockroaches
  5 goblins
  6 hobgoblins
  3 jackals (D:1)
  A quokka (D:2)
  3 frilled lizards (D:1)
  10 kobolds
  3 rats
46 creatures vanquished.

Notes
Turn   | Place    | Note
-------+----------+-------------------------------------------
     0 | D:1      | Danakh the Demonspawn Wizard began the quest for the Orb.
     0 | D:1      | Reached XP level 1. HP: 13/13 MP: 4/4
   416 | D:1      | Gained mutation: You are surrounded by a mild repulsion field. (EV +2) [demonic ancestry]
   416 | D:1      | Reached XP level 2. HP: 19/19 MP: 0/6
   425 | D:1      | Learned a level 2 spell: Blink
  1020 | D:1      | Reached XP level 3. HP: 24/24 MP: 6/8
  1025 | D:1      | Learned a level 3 spell: Mephitic Cloud
  1029 | D:1      | Learned a level 3 spell: Conjure Flame
  1819 | D:2      | Gained mutation: You have sharp toenails. [demonic ancestry]
  1819 | D:2      | Reached XP level 4. HP: 30/30 MP: 4/9
  1935 | D:2      | Found a faded altar of an unknown god.
  1945 | D:2      | Became a worshipper of Ru the Awakened
  1946 | D:2      | Gained mutation: Your cowardice makes you less effective in combat with threatening monsters. [Ru sacrifice]
  1946 | D:2      | Reached * piety under Ru
  2041 | D:2      | Found a runed door.
  2172 | D:2      | Noticed Crazy Yiuf
  2238 | D:2      | Slain by Crazy Yiuf

Skill      XL: |  1  2 |
---------------+-------+-----
Conjurations   | 2 |  2.9
Dodging        | |  1.7
Stealth        | |  1.7
Spellcasting   | |  3.9
Summonings     | |  1.0
Translocations | |  0.8

Action                   |  1- 3 |  4- 6 || total
-------------------------+-------+-------++-------
Melee: Club              |     3 |       ||     3
       Dagger            |    18 |     8 ||    26
       Kick              |       |     2 ||     2
 Cast: Magic Dart        |   111 |    10 ||   121
       Conjure Flame     |       |     2 ||     2
       Mephitic Cloud    |       |     1 ||     1
Invok: Sacrifice Courage |       |     1 ||     1
  Eat: Chunk             |     2 |     1 ||     3
Armor: Robe              |     2 |     1 ||     3
Dodge: Dodged            |    23 |     3 ||    26
